Map: Prion Terraces

Players

TriniCron - Winner!

  • Race: Zerg Zerg
  • League: Diamond

LilDicky

  • Race: Terran Terran
  • League: Diamond

VOD

http://www.twitch.tv/tumescentpie

Description

Time

  • Played on: Nov. 30, 2015, 1:22 p.m.
  • Length: 4:28
Show
View Real Time Build Order
Export as new Build Order

TriniCron Zerg - Winner!

Build Orders: Hatch First 

Get SALT Encoding   

  12  0:02  Drone  
  13  0:07  Drone  
  14  0:34  Hatchery  
  13  0:39  Drone  
  13  0:42  Extractor  
  13  0:43  Drone  
  14  1:01  Spawning Pool  
  13  1:04  Drone  
  14  1:13  Overlord  
  14  1:48  Zergling x8  
  14  1:52  Metabolic Boost  
  18  2:02  Queen  
  18  2:07  Zergling x2  
  21  2:09  Zergling x2  
  22  2:17  Baneling Nest  
  21  2:26  Zergling x4  
  21  2:27  Zergling x2  
  22  3:00  Zergling x2  
  22  3:01  Zergling x8  
  22  3:05  Lair  
  26  3:18  Drone x2  
  28  3:20  Overlord  
  28  3:26  Baneling  
  28  3:27  Baneling  
  28  3:30  Baneling  
  28  3:31  Baneling  
  28  3:37  Overlord  
  28  3:41  Drone x2  
  28  3:42  Drone x2  
Show
View Real Time Build Order
Export as new Build Order

LilDicky Terran 

Build Orders:  

Get SALT Encoding   

  12  0:01  SCV  
  13  0:13  SCV  
  14  0:18  Supply Depot  
  14  0:25  SCV  
  15  0:39  SCV, Refinery  
  16  0:52  SCV  
  16  0:54  Barracks  
  17  1:04  SCV  
  18  1:16  SCV  
  19  1:29  SCV  
  20  1:51  Reaper  
  20  1:53  Orbital Command  
  21  1:59  Command Center  
  21  2:05  Refinery  
  21  2:09  Supply Depot  
  21  2:21  SCV  
  22  2:42  Marine  
  23  2:46  Factory  
  22  2:58  SCV  
  23  3:12  Barracks Tech Lab  
  22  3:23  SCV  
  22  3:25  Command Center x2  
  23  3:37  Starport  
  23  3:40  SCV  
  24  3:43  Supply Depot  
  24  3:45  Barracks Reactor, Siege Tank  
  27  4:00  SCV  
Tags
 
Add a new tag
Caveats
  • Supply blocks, unpowered buildings, or Contaminate may cause inaccurate times.
  • Supply counts are checked every 10 seconds.